 Dungeon Crawl Stone Soup version 0.31.0-12-g77e489cdc1 (webtiles) character file.

Game seed: 17550008498574124787

375 Destinykillz the Vexing (level 6, -8/35 HPs)
             Began as a Deep Elf Hexslinger on Feb 11, 2024.
             Mangled by an iguana (10 damage)
             ... on level 4 of the Dungeon.
             The game lasted 00:11:30 (2994 turns).

Destinykillz the Vexing (Deep Elf Hexslinger)       Turns: 2994, Time: 00:11:31

Health: -8/35      AC:  3    Str:  5    XL:     6   Next: 44%
Magic:  13/13      EV: 14    Int: 20    God:
Gold:   218        SH:  0    Dex: 23    Spells: 3/11 levels left

rFire   . . .        a - +1 sling
rCold   . . .        (no shield)
rNeg    . . .        c - +0 robe
rPois   .            (no helmet)
rElec   .            q - +0 cloak
rCorr   .            (no gloves)
SInv    .            (no boots)
Will    .....        (no amulet)
Stlth   ++           e - +6 ring of dexterity
HPRegen 0.25/turn    (no ring)
MPRegen 0.13/turn

%: no passive effects
@: no status effects
A: no striking features
a: no special abilities


You were on level 4 of the Dungeon.
You visited 1 branch of the dungeon, and saw 4 of its levels.

You collected 272 gold pieces.
You spent 54 gold pieces at shops.

Inventory:

Hand Weapons
 a - a +1 sling (weapon)
 h - a +2 dagger of electrocution
Missiles
 t - a throwing net
Armour
 c - a +0 robe (worn)
 k - the +7 chain mail of Berobb {Will+ Int+4 Dex-5}
   (You found it on level 2 of the Dungeon)

   Int+4:     It affects your intelligence (+4).
   Dex-5:     It affects your dexterity (-5).
   Will+:     It increases your willpower.
 n - the +1 ring mail of the Hurricane {Will+}
   (You found it on level 2 of the Dungeon)

   Will+:     It increases your willpower.
 q - a +0 cloak (worn)
Jewellery
 e - a +6 ring of dexterity (left hand)
 l - a +6 ring of dexterity
Scrolls
 b - a scroll of poison
 d - a scroll of silence {unknown}
 i - 3 scrolls of teleportation
 j - a scroll of fear {unknown}
 m - a scroll of enchant weapon {unknown}
 o - a scroll of identify
 p - a scroll of blinking {unknown}
 s - a scroll of enchant armour {unknown}
Potions
 f - a potion of cancellation
 g - a potion of might
 r - 2 potions of lignification
 u - a potion of magic {unknown}


   Skills:
 + Level 2.0 Fighting
 + Level 4.2 Ranged Weapons
 + Level 3.8 Dodging
 + Level 3.3 Spellcasting
 * Level 6.1 Hexes
 * Level 2.8 Fire Magic


You had 3 spell levels left.
You knew the following spells:

 Your Spells              Type           Power      Damage    Failure   Level
a - Jinxbite              Hex            56%        N/A       1%          2
b - Sigil of Binding      Hex            28%        N/A       3%          3
c - Inner Flame           Hex/Fire       21%        N/A       6%          3

Your spell library contained the following spells:

 Spells                   Type           Power      Damage    Failure   Level
 Shock                    Conj/Air       12%        1d3       14%         1
 Swiftness                Air            3%         N/A       38%         3
 Cause Fear               Hex            14%        N/A       11%         4
 Dimensional Bullseye     Hex/Tloc       7%         N/A       36%         4
 Ignite Poison            Fire/Alch      9%         N/A       58%         4
 Sticky Flame             Fire/Alch      9%         2d5       58%         4
 Airstrike                Air            1%         2d(1-17)  80%         4
 Malign Gateway           Summ/Tloc      1%         N/A       100%        7
 Ignition                 Fire           7%         3d4       100%        8
 Summon Horrible Things   Summ           1%         N/A       100%        8


Dungeon Overview and Level Annotations

Branches:
Dungeon (4/15)
 Temple: D:4-7

Altars:

Shops:
D:1 *

Annotations:
D:3 3 runed translucent doors, TheBioAlchemist's ghost, amateur TeAE


Message History

You shoot a sling bullet.
The sling bullet closely misses the iguana.
The iguana closely misses you.
Fire: a) +1 sling
Press: ? - help, Shift-Dir - straight line, f/p - iguana
Aim: an iguana (severely wounded, 69% to hit)
You shoot a sling bullet.
The sling bullet hits the iguana but does no damage.
The iguana is severely wounded.
The iguana barely misses you.
Fire: a) +1 sling
Press: ? - help, Shift-Dir - straight line, f/p - iguana
Aim: an iguana (severely wounded, 69% to hit)
You shoot a sling bullet. The sling bullet hits the iguana.
The iguana is almost dead.
The iguana bites you!
* * * LOW HITPOINT WARNING * * *
The iguana bites you.
* * * LOW HITPOINT WARNING * * *
Fire: a) +1 sling
Press: ? - help, Shift-Dir - straight line, f/p - iguana
Aim: an iguana (almost dead, 69% to hit)
You shoot a sling bullet.
The sling bullet closely misses the iguana.
The iguana completely misses you.
Unknown command.
Fire: a) +1 sling
Press: ? - help, Shift-Dir - straight line, f/p - iguana
Aim: an iguana (severely wounded, 69% to hit)
You shoot a sling bullet.
The sling bullet hits the iguana but does no damage.
The iguana is severely wounded.
The iguana closely misses you.
Fire: a) +1 sling
Press: ? - help, Shift-Dir - straight line, f/p - iguana
Aim: an iguana (severely wounded, 69% to hit)
You shoot a sling bullet.
The sling bullet closely misses the iguana.
The iguana bites you!
You die...

#..#%....# ..
#..'.....# ...
#'##..)..#####
.##'###.###'##.....#
.'......#....#>)...#
#......#....#..)..#
#.<....##...#.....#
#......##...#.....#
#.....@.....#.....#
#####.l##...#.....#
#..##...####..#
#...##...##...<#
#....#...'....#....#
#.:=.+...#....#....#
###+##...##...#....#
#...##...#....#
#...##...####.#


You could see an iguana.

Vanquished Creatures
  A water moccasin (D:3)
  A scorpion (D:4)
  A sleepcap (D:4)
  4 gnolls
  3 adders
  5 ribbon worms
  3 dart slugs
  3 orcs (D:3)
  5 ball pythons
  11 endoplasms
  3 giant cockroaches
  14 goblins
  8 hobgoblins
  4 jackals
  4 quokkas
  4 bats
  4 frilled lizards
  7 kobolds
  12 rats
97 creatures vanquished.

Notes
Turn   | Place    | Note
-------+----------+-------------------------------------------
     0 | D:1      | Destinykillz the Deep Elf Hexslinger began the quest for
                  | the Orb.
     0 | D:1      | Reached XP level 1. HP: 11/11 MP: 5/5
    50 | D:1      | Reached skill level 1 in Fighting
    50 | D:1      | Reached XP level 2. HP: 12/16 MP: 6/6
   210 | D:1      | Found a transporter.
   214 | D:1      | Found Goas's Assorted Antiques.
   233 | D:1      | Reached XP level 3. HP: 20/20 MP: 8/8
   309 | D:1      | Found a transporter.
   515 | D:1      | Learned a level 2 spell: Jinxbite
   519 | D:1      | Learned a level 3 spell: Sigil of Binding
   536 | D:1      | Bought a scroll labelled GIPAYB ISCHO for 27 gold pieces
   536 | D:1      | Bought a scroll labelled AXOPOTTAEQ for 27 gold pieces
   574 | D:2      | Identified the +7 chain mail of Berobb {Will+ Int+4 Dex-5}
   760 | D:2      | HP: 1/20 [ribbon worm (6)]
   948 | D:2      | Identified the +1 ring mail of the Hurricane {Will+}
  1138 | D:2      | Reached XP level 4. HP: 16/25 MP: 9/9
  1660 | D:2      | Learned a level 3 spell: Inner Flame
  1727 | D:3      | Reached skill level 5 in Hexes
  1785 | D:3      | Found a faded altar of an unknown god.
  2046 | D:3      | Noticed a water moccasin
  2179 | D:3      | Found a runed translucent gate.
  2179 | D:3      | Found a runed translucent gate.
  2179 | D:3      | Found a runed translucent gate.
  2180 | D:3      | Noticed a kobold brigand
  2182 | D:3      | Noticed TheBioAlchemist's ghost (amateur TeAE)
  2227 | D:3      | HP: 1/25 [poisoned by a water moccasin]
  2230 | D:3      | Killed a water moccasin
  2231 | D:3      | Reached XP level 5. HP: 2/30 MP: 5/11
  2678 | D:4      | Reached skill level 6 in Hexes
  2678 | D:4      | Reached XP level 6. HP: 29/35 MP: 12/12
  2991 | D:4      | HP: 1/35 [iguana (6)]
  2994 | D:4      | Mangled by an iguana

Illustrated notes

Levels and vault maps discovered:
D:1:      shiori_arrival_maze, layout_rooms, serial_shops,
          nicolae_shop_drivethru, minmay_fountain_box, st_stairs_3
D:2:      layout_basic
D:3:      layout_rooms, gammafunk_ghost_nasty_kobolds,
          shapermc_ecumenical_altar_starsandcircs, dreamdust_wishing_well,
          minmay_joined_circles
D:4:      layout_gridville, gammafunk_temple_overflow_statue

Skill      XL: |  1  2  3  4  5 |
---------------+----------------+-----
Fighting       | 1 2 |  2.0
Ranged Weapons | 3 4 |  4.2
Spellcasting   | 2 3 |  3.3
Dodging        | 3 |  3.8
Hexes          | 5 6 |  6.1
Fire Magic     | 2 |  2.8

Action                     |  1- 3 |  4- 6 || total
---------------------------+-------+-------++-------
   Fire: Sling             |   132 |   192 ||   324
   Cast: Sigil of Binding  |     1 |     2 ||     3
         Jinxbite          |     1 |       ||     1
    Use: Scroll            |     1 |     4 ||     5
 Armour: Robe              |    26 |    54 ||    80
  Dodge: Dodged            |    52 |    94 ||   146
